 Dungeon Crawl Stone Soup version 0.29.1-12-g30fa7ad0bf (webtiles) character file.

Game seed: 9077761219861614184

7216 raph the Tainter (level 10, 0/80 HPs)
             Began as a White Draconian Venom Mage on Jan 7, 2023.
             Was a Believer of Makhleb.
             Slain by a vault guard
             ... wielding a +0 broad axe
              (13 damage)
             ... in a bailey.
             The game lasted 00:23:58 (14386 turns).

raph the Tainter (White Draconian Venom Mage)      Turns: 14386, Time: 00:23:59

Health: 0/80       AC:  7    Str: 10    XL:     10   Next: 87%
Magic:  19/29      EV: 13    Int: 20    God:    Makhleb [**....]
Gold:   1080       SH:  0    Dex: 12    Spells: 6/22 levels left

rFire   . . .      SeeInvis .   a - +1 long sword (vorpal)
rCold   + + .      Faith    .   (no shield)
rNeg    . . .      Spirit   .   (body armour unavailable)
rPois   .          Reflect  .   (helmet restricted)
rElec   .          Harm     .   (no cloak)
rCorr   .          Rampage  .   (no gloves)
Will    .....                   (no boots)
Stlth   ++........              t - amulet of magic regeneration
HPRegen 0.23/turn               i - ring of protection from cold
MPRegen 0.61/turn               o - ring of magical power

@: no status effects
A: breathe frost, AC +7, unfitting armour, cold resistance 1, cold-blooded
a: Breathe Frost, Renounce Religion, Minor Destruction


You were in a bailey.
You worshipped Makhleb.
Makhleb was pleased with you.
You visited 2 branches of the dungeon, and saw 10 of its levels.
You also visited: Bailey.

You collected 1080 gold pieces.

Inventory:

Hand Weapons
 a - a +1 vorpal long sword (weapon)
 d - a +0 mace
 g - a +2 dagger of venom
Missiles
 f - 2 throwing nets
Jewellery
 i - a ring of protection from cold (left hand)
 l - a ring of ice
 m - an amulet of guardian spirit
 o - a ring of magical power (right hand)
 s - a ring of poison resistance
 t - an amulet of magic regeneration (around neck)
Wands
 q - a wand of paralysis (3)
 w - a wand of flame (51)
 x - a wand of acid (8)
Scrolls
 k - a scroll of poison
 y - 2 scrolls of enchant armour
 z - a scroll of teleportation
 B - 2 scrolls of magic mapping
Potions
 b - 4 potions of lignification
 c - a potion of mutation
 e - 6 potions of curing
 h - 3 potions of attraction
 j - 5 potions of heal wounds
 n - 2 potions of magic
 p - a potion of might
 r - 3 potions of berserk rage
 u - a potion of resistance {unknown}
 v - a potion of brilliance
 A - 2 potions of invisibility


   Skills:
 + Level 4.4 Fighting
 + Level 2.6 Long Blades
 + Level 4.3 Dodging
 - Level 1.7 Stealth
 + Level 6.7 Spellcasting
 + Level 6.2 Conjurations
 + Level 2.0 Hexes
 - Level 1.0 Transmutations
 * Level 11.4 Poison Magic
 + Level 4.5 Invocations


You had 6 spell levels left.
You knew the following spells:

 Your Spells              Type           Power      Damage    Failure   Level
a - Sting                 Tmut/Pois      100%       1d8       1%          1
b - Poisonous Vapours     Pois/Air       58%        N/A       1%          2
c - Mephitic Cloud        Conj/Pois/Air  30%        N/A       2%          3
d - Olgreb's Toxic Radia  Pois           51%        N/A       1%          4
e - Searing Ray           Conj           62%        2d6       1%          2
f - Fulminant Prism       Conj/Hex       11%        3d9       19%         4

Your spell library contained the following spells:

 Spells                   Type           Power      Damage    Failure   Level
 Magic Dart               Conj           100%       1d8       1%          1
 Foxfire                  Conj/Fire      76%        2x1d7     2%          1
 Conjure Flame            Conj/Fire      19%        6-21      9%          3
 Ensorcelled Hibernation  Hex/Ice        20%        N/A       10%         2
 Passwall                 Tmut/Erth      6%         N/A       12%         2
 Inner Flame              Hex/Fire       10%        N/A       19%         3
 Flame Wave               Conj/Fire      19%        2d7       26%         4
 Swiftness                Air            6%         N/A       28%         3
 Cause Fear               Hex            7%         N/A       38%         4
 Discord                  Hex            7%         N/A       100%        8


Dungeon Overview and Level Annotations

Branches:
Dungeon (9/15)             Temple (1/1) D:5          Bailey (1/1)
   Lair: D:8-11         Orc: D:9-12

Altars:
Ashenzari
Cheibriados
Elyvilon
Fedhas
Gozag
Makhleb
Okawaru
Qazlal
Ru
Trog
Uskayaw
Wu Jian
Xom
Zin
The Shining One

Shops:
D:8 [


Innate Abilities, Weirdness & Mutations

You can breathe waves of freezing cold which knock back foes.
Your icy white scales are hard. (AC +7)
You cannot fit into any form of body armour.
Your flesh is cold resistant. (rC+)
You are cold-blooded and may be slowed by cold attacks.


Message History

Aiming: Mephitic Cloud (mildly dangerous; 2% risk of failure)
Press: ? - help, Shift-Dir - straight line, f - vault guard
Aim: a vault guard, wielding a +0 broad axe and wearing a +0 chain mail (noxious fumes, moderately wounded, very poisoned, chance to affect: 39%)
The ball explodes into a vile cloud!
The stinking cloud engulfs the vault guard but does no damage.
The vault guard is moderately wounded.
The vault guard is engulfed in noxious fumes.
Casting: Mephitic Cloud (mildly dangerous; 2% risk of failure)
Confirm with . or Enter, or press ? or * to list all spells.
You begin to radiate toxic energy.
The vault guard looks as sick as possible!
The vault guard is engulfed in noxious fumes.
Press: ? - help, v - describe, . - travel, g - get item
Here: a vault guard, wielding a +0 broad axe and wearing a +0 chain mail (moderately wounded, extremely poisoned) Item here: a bullfrog corpse.
The floor, spattered with blood.
Unknown command.
The vault guard looks as sick as possible!
Your toxic aura wanes.
Casting: Olgreb's Toxic Radiance (mildly dangerous; 1% risk of failure)
Confirm with . or Enter, or press ? or * to list all spells.
Aiming: Mephitic Cloud (mildly dangerous; 2% risk of failure)
Press: ? - help, Shift-Dir - straight line, f/p - vault guard
Aim: a vault guard, wielding a +0 broad axe and wearing a +0 chain mail (heavily wounded, extremely poisoned, chance to affect: 39%)
The ball explodes into a vile cloud!
The stinking cloud engulfs the vault guard but does no damage.
The vault guard is heavily wounded.
The vault guard is engulfed in noxious fumes.
The vault guard is engulfed in noxious fumes.
The vault guard attacks as you move away!
The vault guard hits you with a +0 broad axe!!
The vault guard attacks as you move away!
The vault guard hits you with a +0 broad axe!
The vault guard attacks as you move away!
The vault guard hits you with a +0 broad axe!!
* * * LOW HITPOINT WARNING * * *
Okay, then.
The vault guard attacks as you move away!
The vault guard hits you with a +0 broad axe!
You die...

##...## #.....#
#.∩)))# #.....######
####...##....##
##~~#'#)#......##
#~~~~~#.)..#....#
#~~~~~#.)p####..#
#~~~~~#.)@#....÷#
##~~~##...#.....#
###'####.)###'###
#......'..#≈..)≈#
#......####≈.†~≈#
#.....##≈##≈.~≈####
##....#≈~≈≈~.~≈#F.~#
##..##≈~~~..)≈#...~
##.#≈~~~.).~≈##F.~##


You could see a vault guard (very poisoned).

Vanquished Creatures
  A vault guard (Bailey)
  A two-headed ogre (D:6)
  A troll (D:8)
  A hornet (D:9)
  Grinder (D:6)
  Prince Ribbit (Bailey)
  A wyvern (D:8)
  Grum (D:9)
  3 humans (Bailey)
  A steam dragon (D:6)
  Menkaure (D:6)
  Edmund (D:6)
  A water moccasin (D:7)
  2 ice beasts
  4 orc warriors
  4 sky beasts
  A black bear (D:6)
  4 centaurs
  An ogre (D:4)
  2 wolves (D:9)
  A kobold brigand (D:8)
  Blork the orc (D:6)
  11 bullfrogs
  2 necrophages
  A gnoll sergeant (D:7)
  5 scorpions
  4 wights (D:6)
  A killer bee (D:8)
  A howler monkey (D:8)
  A hound (D:4)
  4 orc priests
  4 jellies
  3 gnoll boudas
  2 orc wizards (D:6)
  20 gnolls
  13 adders
  A shadow imp (D:7)
  2 white imps (D:7)
  An ufetubus (D:5)
  5 worms
  2 dart slugs
  22 orcs
  9 endoplasms
  4 giant cockroaches
  10 goblins
  9 hobgoblins
  10 jackals
  11 kobolds
  3 quokkas (D:4)
  14 ball pythons
  4 bats
  3 frilled lizards
  9 rats
226 creatures vanquished.

Vanquished Creatures (others)
  3 fulminant prisms (Bailey)
  2 plants (D:2)
5 creatures vanquished.

Grand Total: 231 creatures vanquished

Notes
Turn   | Place    | Note
-------+----------+-------------------------------------------
     0 | D:1      | raph the Draconian Venom Mage began the quest for the Orb.
     0 | D:1      | Reached XP level 1. HP: 14/14 MP: 3/3
   407 | D:1      | Reached XP level 2. HP: 20/20 MP: 0/5
   667 | D:1      | Learned a level 2 spell: Poisonous Vapours
   671 | D:1      | Reached skill level 4 in Poison Magic
   934 | D:1      | Reached XP level 3. HP: 26/26 MP: 4/6
   938 | D:1      | Learned a level 3 spell: Mephitic Cloud
  2217 | D:2      | Found a faded altar of an unknown god.
  2508 | D:2      | Reached XP level 4. HP: 33/33 MP: 0/7
  2627 | D:2      | Reached skill level 5 in Poison Magic
  3186 | D:2      | Reached skill level 1 in Conjurations
  3234 | D:2      | Reached XP level 5. HP: 36/38 MP: 4/8
  4710 | D:4      | Noticed an ogre
  4766 | D:4      | Killed an ogre
  4767 | D:4      | Reached skill level 6 in Poison Magic
  4767 | D:4      | Reached XP level 6. HP: 37/45 MP: 0/10
  4885 | D:4      | Learned a level 4 spell: Olgreb's Toxic Radiance
  4900 | D:4      | Identified the +1 robe "Ifad" {rElec rPois rC- Dex+4}
  5003 | D:4      | You fall into a shaft and drop 2 floors!
  5051 | D:5      | Entered Level 5 of the Dungeon
  5588 | D:5      | Reached skill level 7 in Poison Magic
  5588 | D:5      | Your scales start taking on an icy white colour.
  5588 | D:5      | Reached XP level 7. HP: 42/50 MP: 8/12
  5588 | D:5      | Gained mutation: Your flesh is cold resistant. (rC+) [White
                  | Draconian growth]
  5598 | D:5      | Learned a level 2 spell: Searing Ray
  5842 | D:5      | Found a staircase to the Ecumenical Temple.
  5849 | Temple   | Entered the Ecumenical Temple
  5903 | Temple   | Became a worshipper of Makhleb the Destroyer
  5925 | D:5      | Found an opulent altar of Gozag.
  6496 | D:4      | Identified the +1 leather armour of the Furies {*Slow MP+9
                  | Dex+5 Stlth+}
  7089 | D:5      | Reached skill level 8 in Poison Magic
  7472 | D:6      | Noticed Grinder
  7476 | D:6      | Paralysed by Grinder for 3 turns
  7484 | D:6      | Paralysed by Grinder for 4 turns
  7491 | D:6      | Killed Grinder
  7492 | D:6      | Reached XP level 8. HP: 22/57 MP: 6/14
  8015 | D:6      | Noticed Blork the orc
  8023 | D:6      | Killed Blork the orc
  8156 | D:6      | Reached * piety under Makhleb
  8292 | D:5      | Reached skill level 5 in Spellcasting
  8292 | D:5      | Reached skill level 9 in Poison Magic
  8989 | D:6      | Noticed Menkaure
  9000 | D:6      | Killed Menkaure
  9014 | D:6      | Reached XP level 9. HP: 23/63 MP: 15/17
  9357 | D:6      | Reached skill level 1 in Invocations
  9360 | D:6      | Reached skill level 1 in Fighting
  9564 | D:6      | Noticed a two-headed ogre
  9589 | D:6      | Killed a two-headed ogre
  9590 | D:6      | Reached skill level 10 in Poison Magic
  9627 | D:6      | Reached skill level 5 in Conjurations
 10075 | D:6      | Noticed Edmund
 10095 | D:6      | Killed Edmund
 10298 | D:6      | Identified a scroll of acquirement
 10298 | D:6      | Acquired 323 gold pieces
 10587 | D:7      | Reached ** piety under Makhleb
 10632 | D:7      | Found a hide-covered altar of Uskayaw.
 11462 | D:8      | Reached XP level 10. HP: 64/77 MP: 19/19
 11462 | D:8      | Found a white marble altar of Elyvilon.
 11507 | D:8      | Reached skill level 1 in Long Blades
 12041 | D:8      | Found a broken altar of Ashenzari.
 12172 | D:8      | Found Betythiz's Antique Armour Boutique.
 12925 | D:8      | Found an iron altar of Okawaru.
 12931 | D:8      | Learned a level 4 spell: Fulminant Prism
 13183 | D:9      | Reached skill level 11 in Poison Magic
 13531 | D:9      | Noticed Grum
 13540 | D:9      | Killed Grum
 13738 | D:9      | Found a flagged portal.
 13818 | Bailey   | Entered a bailey
 13844 | Bailey   | Reached skill level 1 in Hexes
 14235 | Bailey   | Noticed Prince Ribbit
 14244 | Bailey   | Noticed a vault guard
 14249 | Bailey   | Killed Prince Ribbit
 14263 | Bailey   | Killed a vault guard
 14351 | Bailey   | Noticed a vault guard
 14386 | Bailey   | Slain by a vault guard

Illustrated notes

Levels and vault maps discovered:
D:1:      sevenhm_arrival_forest_fort_large_2, layout_loops_ring,
          hangedman_decor_points, minmay_heptomino_h4
D:2:      layout_rooms, dreamdust_ecumenical_altar_grove, minmay_snake_closets
D:3:      layout_basic, st_stairs_1
D:4:      layout_basic, minmay_between
D:5:      nicolae_BIG_FREAKIN_CUBE, layout_layer_cave,
          nicolae_gozag_seed_capital
D:6:      layout_rooms, uniq_edmund, uniq_grinder, uniq_blork_the_orc,
          uniq_menkaure
D:7:      layout_gridville, amcnicky_altar_gilded
D:8:      layout_layer_cave, kennysheep_mini, nicolae_ashenzari_panopticon,
          serial_shops, shop, minmay_ruined_shrine
D:9:      layout_loops_corners, grunt_temple_overflow_magic_moments,
          enter_bailey_8, uniq_grum
Temple:   eino_wide_crystal_templ
Bailey:   bailey_axe_froggy_fort_hellmonk, bailey

Skill      XL: |  1  2  3  4  5  6  7  8  9 10 |
---------------+-------------------------------+-----
Poison Magic   | 4 5 6 7 8 9 10 11 | 11.4
Conjurations   | 1 2 4 5 6 |  6.2
Spellcasting   | 3 4 5 6 |  6.7
Dodging        | 3 4 |  4.3
Invocations    | 3 4 |  4.5
Fighting       | 3 4 |  4.4
Long Blades    | 2 |  2.6
Hexes          | 2 |  2.0
Stealth        | |  1.7
Transmutations | |  1.0

Action                   |  1- 3 |  4- 6 |  7- 9 | 10-12 || total
-------------------------+-------+-------+-------+-------++-------
Melee: Mace              |     4 |       |       |       ||     4
       Tailslap          |    10 |    13 |    20 |    10 ||    53
       Unarmed           |     1 |       |       |       ||     1
       Dagger            |    39 |    82 |    48 |       ||   169
       Punch             |       |     1 |     1 |     2 ||     4
       Long sword        |       |       |    89 |    60 ||   149
 Cast: Sting             |    46 |    48 |    10 |     8 ||   112
       Poisonous Vapours |    13 |    32 |     1 |       ||    46
       Olgreb's Toxic Ra |       |     4 |    40 |    30 ||    74
       Mephitic Cloud    |       |     2 |    12 |    13 ||    27
       Searing Ray       |       |       |    20 |     4 ||    24
       Fulminant Prism   |       |       |       |     3 ||     3
Invok: Minor Destruction |       |       |       |     1 ||     1
 Abil: Breathe Frost     |       |       |     4 |     4 ||     8
  Use: Scroll            |     9 |     3 |    10 |     5 ||    27
       Potion            |       |     1 |     2 |       ||     3
 Stab: Sleeping          |     2 |     2 |     2 |     1 ||     7
       Confused          |       |       |     6 |     3 ||     9
Armor: Skin              |    24 |    50 |    57 |    36 ||   167
Dodge: Dodged            |    45 |    80 |   108 |    81 ||   314
